[Event "Titled Tuesday Blitz March 07 Early 2023"]
[White "Krzyzanowski, Marcin"]
[Black "Fiorito, Joaquin"]
[WhiteFideId "1132199"]
[BlackFideId "180173"]
[WhiteElo "2471"]
[BlackElo "2157"]
[Result "1-0"]
[Round "05"]
[TimeControl "180+2"]
[Date "2023.03.07"]
[WhiteClock "0:00:08"]
[BlackClock "0:00:04"]

1. e4 c6 2. Nf3 d5 3. d3 g6 4. Nc3 Bg7 5. Qe2 e5 6. g3 Ne7 7. Bg2 O-O 8. O-O Nd7 9. h4 d4 10. Nb1 a5 11. a4 Nc5 12. Nh2 b5 13. axb5 cxb5 14. h5 Be6 15. h6 Bh8 16. f4 f6 17. Nf3 Bg4 18. Qe1 Qb6 19. Nbd2 Rac8 20. Nh2 Be6 21. Ndf3 Na4 22. Rf2 Bd7 23. Qf1 Rc5 24. fxe5 fxe5 25. Ng5 Rxf2 26. Qxf2 Qf6 27. Qxf6 Bxf6 28. b3 Nb6 29. Ra2 Nc6 30. Bd2 b4 31. Nhf3 Nd8 32. Bh3 Bxh3 33. Nxh3 Nf7 34. Nf2 Nd6 35. Ng4 Kf7 36. Nxf6 Kxf6 37. Ng5 Rc7 38. Kg2 Nf7 39. Nxh7+ Ke7 40. Ng5 Nxh6 41. Nf3 Nf7 42. Rxa5 Rxc2 43. Kh3 Nd7 44. Bxb4+ Kd8 45. Ra8+ Kc7 46. Ra7+ Kc8 47. Ra6 g5 48. Kg4 Rb2 49. Ra3 Nd8 50. Nxg5 Nc6 51. Bd6 Rd2 52. b4 Rxd3 53. Rxd3 1-0


[Site "https://www.chess.com"]

[Event "Titled Tuesday Blitz March 07 Early 2023"]
[White "Sielecki, Christof"]
[Black "Boyer, Mahel"]
[WhiteFideId "4620437"]
[BlackFideId "45102422"]
[WhiteElo "2443"]
[BlackElo "2439"]
[Result "1-0"]
[Round "05"]
[TimeControl "180+2"]
[Date "2023.03.07"]
[WhiteClock "0:00:38"]
[BlackClock "0:00:01"]

1. e4 e6 2. d4 d5 3. Nd2 Nf6 4. e5 Nfd7 5. c3 c5 6. f4 Nc6 7. Ndf3 a5 8. Bd3 a4 9. a3 b5 10. Bxb5 Qb6 11. Bxa4 cxd4 12. Bxc6 Qxc6 13. Nxd4 Qb6 14. Ngf3 Ba6 15. b4 Bc4 16. Be3 Qc7 17. Qd2 Nb6 18. f5 Qd7 19. fxe6 fxe6 20. Ng5 Ba6 21. Ngxe6 Nc4 22. Qf2 Nxe5 23. Qf5 Bd6 24. Nc5 Bxc5 25. Qxe5+ Be7 26. Nf5 O-O 27. Qxg7# 1-0


[Site "https://www.chess.com"]

[Event "Titled Tuesday Blitz March 07 Early 2023"]
[White "Moksh Amit Doshi"]
[Black "Fier, Alexandr"]
[WhiteFideId "25064967"]
[BlackFideId "2107139"]
[WhiteElo "2297"]
[BlackElo "2610"]
[Result "0-1"]
[Round "05"]
[TimeControl "180+2"]
[Date "2023.03.07"]
[WhiteClock "0:00:20"]
[BlackClock "0:01:19"]

1. d4 Nf6 2. c4 c5 3. d5 e6 4. Nc3 exd5 5. cxd5 d6 6. e4 g6 7. h3 Bg7 8. Nf3 Nbd7 9. Bd3 Nh5 10. O-O Ne5 11. Nxe5 Bxe5 12. Bh6 Qh4 13. Bb5+ Kd8 14. Ne2 Qxe4 15. f4 Bxb2 16. Rb1 Bg7 17. Bg5+ Kc7 18. Re1 a6 19. Bd3 Qe3+ 20. Kh1 Re8 21. Qb3 b5 22. a4 Bxh3 23. axb5 Qf2 24. gxh3 Re3 25. Ng1 Ng3# 0-1


[Site "https://www.chess.com"]

[Event "Titled Tuesday Blitz March 07 Early 2023"]
[White "Lorparizangeneh, Shahin"]
[Black "Ilinca Ilinca, Felix Antonio"]
[WhiteFideId "12521604"]
[BlackFideId "54764998"]
[WhiteElo "2526"]
[BlackElo "2031"]
[Result "0-1"]
[Round "05"]
[TimeControl "180+2"]
[Date "2023.03.07"]
[WhiteClock "0:00:14"]
[BlackClock "0:00:30"]

1. e4 c5 2. Nf3 e6 3. b3 d5 4. Bb5+ Bd7 5. Bxd7+ Qxd7 6. exd5 exd5 7. O-O Bd6 8. d4 Ne7 9. Ba3 cxd4 10. Qxd4 O-O 11. Bxd6 Qxd6 12. Nc3 Nbc6 13. Qd2 Rfd8 14. Nb5 Qc5 15. Nbd4 Rac8 16. Rfe1 Ng6 17. g3 Re8 18. h4 h6 19. h5 Nge5 20. Nxe5 Nxd4 21. Qf4 f6 22. Nd7 Qc3 23. Nxf6+ gxf6 24. Qg4+ Kh8 25. Rxe8+ Rxe8 26. Rd1 Ne2+ 27. Kg2 Qxc2 28. Rxd5 Qc6 29. Qf3 Nc3 30. Rd3 Qxf3+ 31. Kxf3 Ne4 32. Rd7 Ng5+ 33. Kg2 Re2 34. Rxb7 Rxa2 35. Rb8+ Kg7 36. Rb7+ Kf8 37. Kf1 Ne4 38. Rh7 Rxf2+ 39. Ke1 Rb2 40. Rxa7 Rxb3 41. g4 Rg3 42. Rh7 Rxg4 43. Ke2 Kg8 44. Re7 Ng5 0-1


[Site "https://www.chess.com"]

[Event "Titled Tuesday Blitz March 07 Early 2023"]
[White "Borrmann, Laurenz"]
[Black "Atakhan, Abtin"]
[WhiteFideId "312187930"]
[BlackFideId "22502203"]
[WhiteElo "2312"]
[BlackElo "2008"]
[Result "0-1"]
[Round "05"]
[TimeControl "180+2"]
[Date "2023.03.07"]
[WhiteClock "0:00:01"]
[BlackClock "0:00:04"]

1. d4 Nf6 2. c4 e6 3. Nf3 d5 4. g3 Bb4+ 5. Nc3 dxc4 6. Bg2 O-O 7. a3 Ba5 8. O-O c6 9. Ne5 Nd5 10. Qc2 b5 11. Ne4 Bb6 12. Rd1 Qe7 13. h4 f6 14. Nf3 Nd7 15. b3 cxb3 16. Qxb3 Bb7 17. a4 a6 18. Ba3 b4 19. Bb2 a5 20. Ned2 c5 21. e4 Nc7 22. Rac1 Rac8 23. Nc4 Bxe4 24. Nxb6 Nxb6 25. dxc5 Bd5 26. Qc2 b3 27. Qe2 Nxa4 28. Ba3 Rfd8 29. h5 Rb8 30. Bb2 Nxb2 31. Qxb2 Rb4 32. h6 gxh6 33. Nd4 Bxg2 34. Kxg2 Qe8 35. Nf3 Rxd1 36. Rxd1 Nd5 37. Re1 a4 38. Qd2 b2 39. Rb1 a3 40. Nd4 a2 41. Rxb2 a1=Q 42. Rxb4 Nxb4 43. Qxb4 Qea8+ 44. Nf3 Qe5 45. Qg4+ Qg5 46. Qd4 Qgd5 47. Qg4+ Kf7 48. Qf4 Qac6 49. g4 e5 50. Qf5 Qe4 0-1


[Site "https://www.chess.com"]

[Event "Titled Tuesday Blitz March 07 Early 2023"]
[White "Pulpan, Jakub"]
[Black "Derjabin, Ilja"]
[WhiteFideId "302759"]
[BlackFideId "14104768"]
[WhiteElo "2484"]
[BlackElo "2309"]
[Result "0-1"]
[Round "05"]
[TimeControl "180+2"]
[Date "2023.03.07"]
[WhiteClock "0:00:08"]
[BlackClock "0:00:24"]

1. Nf3 c5 2. e3 Nc6 3. c4 g6 4. Nc3 Bg7 5. d4 Nf6 6. Be2 O-O 7. O-O cxd4 8. Nxd4 Ne5 9. Nf3 Nxf3+ 10. Bxf3 d6 11. b3 Ne4 12. Bxe4 Bxc3 13. Rb1 Qc7 14. Bb2 Bxb2 15. Rxb2 Be6 16. Qf3 Rab8 17. a4 a6 18. Ra1 b5 19. cxb5 axb5 20. a5 d5 21. Bxd5 Qe5 22. Rbb1 Bxd5 23. Qg4 Bxb3 24. a6 Ba4 25. Qb4 Qd6 26. Qa5 Ra8 27. a7 Qd7 28. Qb4 Rxa7 29. h4 h5 30. Qc5 Rc7 31. Qe5 Rc4 32. g3 Rfc8 33. Qg5 Qd6 34. Re1 Rc2 35. Rf1 Qf6 36. Qd5 R2c5 37. Qb7 Bb3 38. Qa7 Bd5 39. f3 Qe6 40. e4 Qh3 41. exd5 Qxg3+ 42. Kh1 Rc2 43. Qg1 Qh3+ 0-1


[Site "https://www.chess.com"]

[Event "Titled Tuesday Blitz March 07 Early 2023"]
[White "Manukyan, Sargis V."]
[Black "Lortkipanidze, Nodar"]
[WhiteFideId "13303465"]
[BlackFideId "13604058"]
[WhiteElo "2236"]
[BlackElo "2336"]
[Result "0-1"]
[Round "05"]
[TimeControl "180+2"]
[Date "2023.03.07"]
[WhiteClock "0:01:18"]
[BlackClock "0:01:29"]

1. Nf3 d5 2. g3 Nc6 3. d4 Bf5 4. Bg2 Nb4 5. Na3 e6 6. O-O h6 7. Ne5 Nf6 8. c3 Na6 9. Nc2 Bd6 10. Ne3 Be4 11. f3 Bh7 12. N5g4 Nd7 13. f4 O-O 14. Ne5 Nf6 15. N3g4 Ne4 16. Nf2 c5 17. Nxe4 Bxe4 18. Bxe4 dxe4 19. Be3 cxd4 20. Bxd4 Bxe5 21. Bxe5 Qb6+ 22. Bd4 Qxb2 23. a4 Rad8 24. Rb1 Qa3 25. Rxb7 Nc5 26. Rxa7 Nb3 27. a5 Nxd4 28. cxd4 Qe3+ 29. Kg2 Rxd4 30. Qc1 Rd2 31. Rf2 Qxa7 32. Qxd2 e3 33. Qd4 Qxd4 0-1


[Site "https://www.chess.com"]

[Event "Titled Tuesday Blitz March 07 Early 2023"]
[White "Mirzoev, Azer"]
[Black "Petukhov, Dmitry"]
[WhiteFideId "13400304"]
[BlackFideId "4142748"]
[WhiteElo "2525"]
[BlackElo "2311"]
[Result "1/2-1/2"]
[Round "05"]
[TimeControl "180+2"]
[Date "2023.03.07"]
[WhiteClock "0:00:16"]
[BlackClock "0:00:22"]

1. d4 Nf6 2. Nf3 g6 3. Nc3 d5 4. Bf4 Bg7 5. Qd2 Ne4 6. Nxe4 dxe4 7. Ne5 O-O 8. e3 c5 9. Bc4 Nd7 10. O-O-O Nxe5 11. dxe5 Qb6 12. Qc3 Be6 13. Qb3 Qxb3 14. axb3 Bxc4 15. bxc4 Rfd8 16. Rd5 Rxd5 17. cxd5 c4 18. Rd1 f5 19. exf6 Bxf6 20. d6 Rd8 21. d7 e5 22. Bg3 Kf7 23. Rd5 Ke6 24. Rc5 Rxd7 25. Rxc4 Kf5 26. Rc8 h5 27. h3 g5 28. Rf8 Ke6 29. Bh2 Re7 30. g4 hxg4 31. hxg4 Rd7 32. Bg3 a6 33. Re8+ Re7 34. Rf8 Rd7 35. Re8+ Re7 36. Rf8 Rd7 1/2-1/2


[Site "https://www.chess.com"]

[Event "Titled Tuesday Blitz March 07 Early 2023"]
[White "Bolourchifard, Farzad"]
[Black "Decuigniere, Tom"]
[WhiteFideId "12510084"]
[BlackFideId "26093820"]
[WhiteElo "2317"]
[BlackElo "2312"]
[Result "0-1"]
[Round "05"]
[TimeControl "180+2"]
[Date "2023.03.07"]
[WhiteClock "0:00:04"]
[BlackClock "0:00:17"]

1. e4 c5 2. Nc3 g6 3. g3 Bg7 4. Bg2 Nc6 5. d3 e6 6. Be3 b6 7. Qd2 Bb7 8. Nge2 Nd4 9. Nd1 Nxe2 10. Qxe2 d5 11. O-O Ne7 12. c3 a5 13. Re1 O-O 14. Bg5 dxe4 15. Bxe7 Qxe7 16. dxe4 a4 17. a3 Ba6 18. Qf3 Rad8 19. Ne3 Rd2 20. Rab1 Rfd8 21. Bf1 Bxf1 22. Nxf1 R2d3 23. Qg2 b5 24. Re2 b4 25. cxb4 cxb4 26. axb4 Qxb4 27. e5 a3 28. f4 Qb3 29. Ra1 a2 30. Ree1 Bf8 31. Kh1 Bb4 32. Rec1 Rd1 33. Rxd1 Rxd1 34. Qa8+ Kg7 35. Rxa2 Rxf1+ 36. Kg2 Qd1 37. Ra7 Rg1+ 38. Kf2 Bc5# 0-1


[Site "https://www.chess.com"]

[Event "Titled Tuesday Blitz March 07 Early 2023"]
[White "Aradhya, Garg"]
[Black "Garakov, Mikhael"]
[WhiteFideId "25006746"]
[BlackFideId "4169034"]
[WhiteElo "2263"]
[BlackElo "2347"]
[Result "1-0"]
[Round "05"]
[TimeControl "180+2"]
[Date "2023.03.07"]
[WhiteClock "0:00:39"]
[BlackClock "0:00:08"]

1. d4 Nf6 2. c4 c5 3. d5 e6 4. Nf3 exd5 5. cxd5 d6 6. e4 g6 7. h3 Bg7 8. Bd3 O-O 9. O-O Re8 10. Nbd2 Na6 11. Re1 Nc7 12. a4 b6 13. Nc4 Ba6 14. Qc2 Bxc4 15. Bxc4 a6 16. Bg5 b5 17. Bf1 Qb8 18. Bf4 Qd8 19. axb5 Nxb5 20. Bxb5 axb5 21. Rxa8 Qxa8 22. Bxd6 Nd7 23. Bxc5 Rc8 24. b4 Bf8 25. Qd3 Nxc5 26. bxc5 Rxc5 27. d6 b4 28. Rd1 Qd8 29. e5 Qd7 30. Qb3 Rb5 31. Rd4 Bg7 32. Rxb4 1-0


[Site "https://www.chess.com"]

[Event "Titled Tuesday Blitz March 07 Early 2023"]
[White "Sokac, Marko"]
[Black "Wagner, Dennis"]
[WhiteFideId "14531356"]
[BlackFideId "24650684"]
[WhiteElo "2355"]
[BlackElo "2470"]
[Result "0-1"]
[Round "05"]
[TimeControl "180+2"]
[Date "2023.03.07"]
[WhiteClock "0:00:03"]
[BlackClock "0:00:10"]

1. e4 c5 2. a3 g6 3. h4 h6 4. h5 g5 5. d4 cxd4 6. Qxd4 Nf6 7. Nc3 Nc6 8. Qd1 d6 9. Nf3 Bg4 10. Nd5 Nxe4 11. Bd3 Nc5 12. Be3 Nxd3+ 13. Qxd3 e6 14. Bd4 Nxd4 15. Qxd4 Qa5+ 16. Nc3 Bxf3 17. Qxh8 Bxg2 18. Rg1 Bf3 19. Rg3 Bxh5 20. Qd4 O-O-O 21. b4 Qa6 22. b5 Qa5 23. Kf1 d5 24. Ne2 Qxb5 25. Rd3 Bc5 26. Qf6 Rd7 27. Qh8+ Kc7 28. Qxh6 Bxe2+ 29. Kxe2 e5 30. Kd2 e4 31. Rg3 Bxf2 0-1


[Site "https://www.chess.com"]

[Event "Titled Tuesday Blitz March 07 Early 2023"]
[White "Pourkashiyan, Atousa"]
[Black "Weetik, Vjacheslav"]
[WhiteFideId "12502014"]
[BlackFideId "4153472"]
[WhiteElo "2228"]
[BlackElo "2469"]
[Result "0-1"]
[Round "05"]
[TimeControl "180+2"]
[Date "2023.03.07"]
[WhiteClock "0:00:04"]
[BlackClock "0:00:07"]

1. e4 c6 2. d4 d5 3. Nc3 dxe4 4. Nxe4 Bf5 5. Ng3 Bg6 6. h4 h6 7. Nf3 e6 8. h5 Bh7 9. Bd3 Bxd3 10. Qxd3 Nf6 11. Bd2 c5 12. O-O-O Nc6 13. Be3 Qa5 14. Kb1 Be7 15. dxc5 Bxc5 16. Ne4 Nxe4 17. Qd7+ Kf8 18. Qxb7 Nc3+ 19. Kc1 Nxa2+ 20. Kb1 Nc3+ 21. Kc1 Bxe3+ 22. fxe3 Rb8 23. Qxc6 Na2+ 24. Kb1 Kg8 25. Rd3 Nb4 26. Qd6 Qa2+ 27. Kc1 Nxd3+ 28. Kd2 Qa5+ 29. Ke2 Rd8 30. Qe7 Nxb2 31. Rb1 Nc4 32. Rb7 Rf8 33. Nd4 Ne5 0-1


[Site "https://www.chess.com"]

[Event "Titled Tuesday Blitz March 07 Early 2023"]
[White "Walentukiewicz, Michal"]
[Black "Kowalczyk, Pawel"]
[WhiteFideId "1126903"]
[BlackFideId "1130641"]
[WhiteElo "2028"]
[BlackElo "2324"]
[Result "1-0"]
[Round "05"]
[TimeControl "180+2"]
[Date "2023.03.07"]
[WhiteClock "0:01:03"]
[BlackClock "0:00:44"]

1. g3 g6 2. Bg2 Bg7 3. e4 c5 4. Nc3 Nc6 5. d3 d6 6. Be3 e6 7. Qd2 h6 8. Nge2 Nd4 9. Nd1 Ne7 10. c3 Nxe2 11. Qxe2 O-O 12. h4 Rb8 13. Qd2 Kh7 14. f4 f5 15. h5 b6 16. hxg6+ Nxg6 17. Nf2 d5 18. Qe2 d4 19. cxd4 cxd4 20. Bd2 Ba6 21. O-O-O Qd7 22. Kb1 Rfc8 23. g4 Rc5 24. exf5 exf5 25. gxf5 Rxf5 26. Be4 Rbf8 27. Rdg1 Qe6 28. Ng4 Bb7 29. Nxh6 Bxh6 30. Qh2 Ne7 31. Bxb7 R8f6 32. Be4 Qf7 33. Qh5 Qf8 34. Bb4 Kh8 35. Bxf5 1-0


[Site "https://www.chess.com"]

[Event "Titled Tuesday Blitz March 07 Early 2023"]
[White "Klabis, Rokas"]
[Black "Gonzalez, Francisco Silva"]
[WhiteFideId "12805246"]
[BlackFideId "1512285"]
[WhiteElo "2288"]
[BlackElo "2074"]
[Result "1-0"]
[Round "05"]
[TimeControl "180+2"]
[Date "2023.03.07"]
[WhiteClock "0:00:52"]
[BlackClock "0:00:32"]

1. e4 e5 2. Nf3 Nc6 3. Bc4 Bc5 4. O-O Nf6 5. d3 d6 6. c3 a6 7. Bb3 Ba7 8. Nbd2 h6 9. Nc4 Ne7 10. Be3 b5 11. Ncd2 c5 12. a4 Bd7 13. Qe2 Bb6 14. d4 c4 15. Bc2 Ng6 16. axb5 axb5 17. Rxa8 Qxa8 18. dxe5 Bxe3 19. Qxe3 Nxe5 20. Nxe5 dxe5 21. Qc5 Qb8 22. f4 exf4 23. e5 Ng4 24. Rxf4 Nxe5 25. Ne4 Kd8 26. Nd6 f6 27. Rd4 Qc7 28. Qa3 Qb8 29. Bf5 Kc7 30. Bxd7 Nxd7 31. Nf7 Rd8 32. Qd6+ Kc8 33. Qc6+ Qc7 34. Qa8+ Qb8 35. Qxb8+ Kxb8 36. Nxd8 Ne5 37. Ne6 g5 38. Rd5 Kb7 39. Nd4 b4 40. Rb5+ Kc7 41. Rxb4 h5 42. Ra4 Nd3 43. Ra6 Nxb2 44. Rxf6 Nd1 45. Rc6+ Kd7 46. Rxc4 Kd6 47. Rc8 Ke5 48. Nf3+ Kf4 49. c4 g4 50. Ne1 Ke5 51. c5 Nc3 52. Rh8 Ne2+ 53. Kf1 Nf4 54. g3 Ne6 55. Rxh5+ Ke4 56. c6 Ng7 57. Rg5 Ne6 58. Rxg4+ Kd5 59. Rg6 Nf4 60. gxf4 Ke4 61. c7 1-0


[Site "https://www.chess.com"]

[Event "Titled Tuesday Blitz March 07 Early 2023"]
[White "Goltsev, Dmitry"]
[Black "Ozen, Bahadir"]
[WhiteFideId "24176710"]
[BlackFideId "6337058"]
[WhiteElo "2336"]
[BlackElo "2503"]
[Result "1/2-1/2"]
[Round "05"]
[TimeControl "180+2"]
[Date "2023.03.07"]
[WhiteClock "0:00:38"]
[BlackClock "0:00:20"]

1. e4 e5 2. Nf3 Nc6 3. Bb5 Nf6 4. O-O Nxe4 5. d4 Nd6 6. Bxc6 dxc6 7. dxe5 Nf5 8. Qxd8+ Kxd8 9. Rd1+ Bd7 10. Bg5+ Kc8 11. Nc3 h6 12. Bf4 Be7 13. Ne4 Be6 14. b3 b6 15. c4 Kb7 16. h3 Rad8 17. g4 Nh4 18. Nxh4 Bxh4 19. Bg3 Be7 20. f4 g6 21. Nf6 Bxf6 22. exf6 c5 23. Kf2 a5 24. Rxd8 Rxd8 25. Ke2 Rh8 26. Rh1 h5 27. f5 gxf5 28. g5 f4 29. Bxf4 h4 30. Kf3 Bf5 31. Re1 Rd8 32. Re7 Bg6 33. Rxc7+ Ka6 34. Re7 a4 35. bxa4 Bh5+ 36. Kf2 Ka5 37. a3 Kxa4 38. Bc7 Rd3 39. Bxb6 Kxa3 40. Bxc5+ Kb3 41. Re3 Kxc4 42. Rxd3 Kxd3 43. Kg2 Ke4 44. Bf2 Kf5 45. Bxh4 Kg6 46. Kg3 Bd1 47. Kf4 Bh5 48. Bf2 Bd1 49. h4 Bh5 50. Ke3 Bd1 51. Bg3 Bh5 52. Kd2 Bg4 53. Be1 Bh5 54. Ke3 Bg4 55. Bf2 Bh5 56. Kf4 Be2 57. Bc5 Bh5 1/2-1/2


[Site "https://www.chess.com"]

[Event "Titled Tuesday Blitz March 07 Early 2023"]
[White "Yang,ching Wei, Austin"]
[Black "Andreev, Konstantin"]
[WhiteFideId "16300440"]
[BlackFideId "24239305"]
[WhiteElo "2101"]
[BlackElo "2106"]
[Result "0-1"]
[Round "05"]
[TimeControl "180+2"]
[Date "2023.03.07"]
[WhiteClock "0:00:01"]
[BlackClock "0:00:07"]

1. e4 c5 2. Nf3 e6 3. d4 cxd4 4. Nxd4 Nc6 5. Nc3 Qc7 6. Be2 a6 7. O-O Nf6 8. a3 Be7 9. Be3 b5 10. f4 d6 11. Kh1 Bb7 12. Bf3 Nxd4 13. Bxd4 e5 14. Be3 O-O 15. Qe1 Nd7 16. Rd1 exf4 17. Bxf4 Ne5 18. Qg3 Kh8 19. Be2 Bf6 20. Bg5 Bxg5 21. Qxg5 Rac8 22. Rf4 h6 23. Qg3 Qc5 24. Rdf1 b4 25. axb4 Qxb4 26. Nd5 Bxd5 27. exd5 Qxb2 28. Bd3 Nxd3 29. cxd3 Rc1 30. h4 a5 31. Kh2 Rxf1 32. Rxf1 Qb4 33. Rf4 Qc3 34. Rc4 Qf6 35. Rc6 Rd8 36. Ra6 g5 37. hxg5 hxg5 38. Rxa5 Kg7 39. Kg1 Rb8 40. Ra2 Rb1+ 41. Kh2 Qh6+ 42. Qh3 Qg6 43. Rf2 Rb8 44. Kg1 g4 0-1


[Site "https://www.chess.com"]

[Event "Titled Tuesday Blitz March 07 Early 2023"]
[White "Derix, Bernhard"]
[Black "polandchessplayer"]
[WhiteFideId "4642368"]
[WhiteElo "2582"]
[BlackElo "2772"]
[Result "0-1"]
[Round "05"]
[TimeControl "180+2"]
[Date "2023.03.07"]
[WhiteClock "0:00:15"]
[BlackClock "0:00:30"]

1. Nf3 Nf6 2. g3 g6 3. Bg2 Bg7 4. O-O O-O 5. d4 c6 6. c4 d5 7. Qb3 a6 8. c5 Nbd7 9. Nc3 Ne4 10. Bf4 Nxc3 11. bxc3 Re8 12. c4 dxc4 13. Qxc4 e5 14. dxe5 Nxe5 15. Nxe5 Bxe5 16. Rad1 Qe7 17. Bxe5 Qxe5 18. e3 Be6 19. Qb4 Re7 20. Rd2 a5 21. Qb6 Kg7 22. Rc1 h5 23. h4 a4 24. a3 Bb3 25. Qb4 Rae8 26. Rc3 Qf5 27. Rcd3 Qe5 28. Rd4 Qf5 29. Qc3 Qf6 30. Qb4 Qe5 31. Rd7 Rxd7 32. Rxd7 Re7 33. Rd4 Qf6 34. Be4 Re5 35. Kg2 Qe7 36. Bf3 Rxc5 37. Qxb7 Qxb7 0-1


[Site "https://www.chess.com"]

[Event "Titled Tuesday Blitz March 07 Early 2023"]
[White "Belov, Alexei"]
[Black "Zahid, Sanatan"]
[WhiteFideId "4128206"]
[BlackFideId "10201963"]
[WhiteElo "2577"]
[BlackElo "1865"]
[Result "0-1"]
[Round "05"]
[TimeControl "180+2"]
[Date "2023.03.07"]
[WhiteClock "0:00:04"]
[BlackClock "0:01:26"]

1. e4 e6 2. d4 d5 3. Nd2 h6 4. Ngf3 Nf6 5. Bd3 c5 6. exd5 exd5 7. dxc5 Bxc5 8. O-O O-O 9. Nb3 Bd6 10. Nfd4 Nc6 11. h3 Re8 12. c3 Bd7 13. Be3 Ne5 14. Nf5 Bf8 15. Bd4 Nxd3 16. Qxd3 Ne4 17. Qf3 Qg5 18. Ne3 Re6 19. Rad1 Rg6 20. Rfe1 Be6 21. Nd2 Bd6 22. Kf1 Nxd2+ 23. Rxd2 b6 24. Nc2 Rf8 25. Be3 Qf6 26. Qxf6 Rxf6 27. Nd4 Bd7 28. Nc2 Rf5 29. Red1 Be6 30. Nd4 Rf6 31. Nb5 Bb8 32. Bd4 Rg6 33. Re1 Bd7 34. Na3 Re6 35. Be3 Bc6 36. Nc2 Ree8 37. Nd4 Bd7 38. Rde2 Re4 39. Bd2 Rfe8 40. f3 R4e5 41. Rxe5 Bxe5 42. Kf2 h5 43. h4 f6 44. Nb3 Kf7 45. Be3 g5 46. hxg5 fxg5 0-1


[Site "https://www.chess.com"]

[Event "Titled Tuesday Blitz March 07 Early 2023"]
[White "Real_OceanStorm"]
[Black "Krstulovic, Alex"]
[BlackFideId "760056"]
[WhiteElo "2764"]
[BlackElo "2311"]
[Result "1/2-1/2"]
[Round "05"]
[TimeControl "180+2"]
[Date "2023.03.07"]
[WhiteClock "0:00:31"]
[BlackClock "0:00:10"]

1. e4 e5 2. f4 d5 3. exd5 exf4 4. Nf3 Nf6 5. Bb5+ c6 6. dxc6 bxc6 7. Bc4 Qe7+ 8. Qe2 Ba6 9. d3 Qxe2+ 10. Kxe2 Bxc4 11. dxc4 Bd6 12. Rd1 Bc7 13. Nc3 O-O 14. Kf1 h6 15. b4 g5 16. b5 a6 17. bxc6 Nxc6 18. Rb1 Na5 19. Nd5 Bd8 20. Nxf6+ Bxf6 21. c5 Rfc8 22. Rb6 Kg7 23. Rdd6 Bc3 24. Rxh6 Nc4 25. Rxa6 Rab8 26. Ke2 g4 27. Ng5 Rxc5 28. Bxf4 Re8+ 29. Kf2 Rf5 30. Kg3 Ne5 31. Bxe5+ Rfxe5 32. Kxg4 Rxg5+ 33. Kxg5 Bd2+ 34. Kf5 Bxh6 35. h4 Re2 36. g3 Rf2+ 37. Ke5 Rxc2 38. Ra3 Bc1 39. Ra4 Bb2+ 40. Ke4 Rc3 41. g4 Rh3 42. h5 Bc1 43. Rc4 Bg5 44. a4 Ra3 45. Kf5 Bd2 46. Rc2 Be3 47. g5 Rxa4 48. h6+ Kh7 49. Re2 Ra5+ 50. Kf6 Bxg5+ 51. Kxf7 Ra7+ 52. Ke8 Bxh6 53. Re7+ Rxe7+ 54. Kxe7 1/2-1/2


[Site "https://www.chess.com"]

[Event "Titled Tuesday Blitz March 07 Early 2023"]
[White "Costachi, Mihnea"]
[Black "Rodchenkov, Sergey D."]
[WhiteFideId "1217518"]
[BlackFideId "4168712"]
[WhiteElo "2456"]
[BlackElo "2277"]
[Result "1-0"]
[Round "05"]
[TimeControl "180+2"]
[Date "2023.03.07"]
[WhiteClock "0:00:49"]
[BlackClock "0:00:05"]

1. c4 e5 2. g3 Nf6 3. Bg2 c6 4. d4 exd4 5. Qxd4 Na6 6. Nf3 Bc5 7. Qd1 O-O 8. O-O h6 9. b3 Re8 10. Bb2 Nc7 11. Nc3 Bf8 12. Qc2 d5 13. Rad1 Qe7 14. Rfe1 dxc4 15. bxc4 Be6 16. e4 Bxc4 17. e5 Nd7 18. Ne4 Bd5 19. Nd6 Red8 20. Nxb7 Rdb8 21. Nd6 Qe6 22. Nd4 Qg4 23. Bxd5 Nxd5 24. f3 Qh5 25. Nxc6 Rc8 26. Rxd5 Qxf3 27. Nxc8 Qxd5 28. N8e7+ 1-0


[Site "https://www.chess.com"]

[Event "Titled Tuesday Blitz March 07 Early 2023"]
[White "EREBUNI91"]
[Black "Kislov, Oleg"]
[BlackFideId "13503774"]
[WhiteElo "2728"]
[BlackElo "2186"]
[Result "1-0"]
[Round "05"]
[TimeControl "180+2"]
[Date "2023.03.07"]
[WhiteClock "0:01:11"]
[BlackClock "0:00:03"]

1. e4 e6 2. d4 d5 3. Nc3 Nf6 4. Bg5 dxe4 5. Nxe4 Be7 6. Bxf6 gxf6 7. Nc3 c6 8. Nf3 b6 9. Bc4 Bb7 10. Qe2 Qc7 11. O-O-O Nd7 12. Rhe1 O-O-O 13. d5 cxd5 14. Bxd5 a6 15. Bxb7+ Kxb7 16. Nd4 Qf4+ 17. Kb1 Nb8 18. Rd3 Rxd4 19. g3 Qd6 20. Ne4 Qd7 21. Rxd4 Qxd4 22. Rd1 Qb4 23. Qf3 Nc6 24. a3 Qc4 25. b3 Qb5 26. Nc3 Qe5 27. Rd7+ Qc7 28. Rxc7+ Kxc7 29. Qd3 Rd8 30. Qxh7 Rd7 31. Qxf7 Bxa3 32. Qxe6 Nb4 33. Qxf6 Rd6 34. Qe7+ Rd7 35. Qe5+ Kb7 36. h4 Rc7 37. h5 Nc6 38. Qe4 Bc5 39. h6 Re7 40. Qf3 Bd4 41. Ne4 b5 42. Nd6+ Kb6 43. Nc8+ Ka5 44. Nxe7 1-0


[Site "https://www.chess.com"]

[Event "Titled Tuesday Blitz March 07 Early 2023"]
[White "Sharapov, Evgeny"]
[Black "Garcia Ramos, Daniel"]
[WhiteFideId "14103133"]
[BlackFideId "32010311"]
[WhiteElo "2367"]
[BlackElo "2341"]
[Result "0-1"]
[Round "05"]
[TimeControl "180+2"]
[Date "2023.03.07"]
[WhiteClock "0:01:05"]
[BlackClock "0:01:58"]

1. e4 c6 2. d4 d5 3. e5 Bf5 4. Be3 Nd7 5. c4 e6 6. Nc3 Ne7 7. c5 b6 8. b4 a5 9. a3 f6 10. f4 Qc7 11. Nf3 Qa7 12. Ra2 Bg4 13. Be2 Nf5 14. Bf2 fxe5 15. fxe5 Be7 16. O-O O-O 17. h3 Bxf3 18. Bxf3 bxc5 19. bxc5 Rab8 20. Qa4 Qa6 21. Be2 Qa8 22. Raa1 Rb2 23. Rab1 Rxb1 24. Rxb1 Bh4 25. Bxh4 Nxh4 26. Bg4 Nf5 27. Bxf5 Rxf5 28. Rf1 Rxf1+ 29. Kxf1 Qa6+ 30. Ne2 h6 31. Kf2 Nf8 32. Ke3 Ng6 33. Qb3 Nh4 34. g3 Nf5+ 35. Kd2 Qxe2+ 36. Kxe2 Nxd4+ 0-1


[Site "https://www.chess.com"]

[Event "Titled Tuesday Blitz March 07 Early 2023"]
[White "Fernandez Guillen, Ernesto J."]
[Black "Ramirez Allo, Eduardo"]
[WhiteFideId "3512428"]
[BlackFideId "2224178"]
[WhiteElo "2423"]
[BlackElo "2509"]
[Result "1-0"]
[Round "05"]
[TimeControl "180+2"]
[Date "2023.03.07"]
[WhiteClock "0:01:06"]
[BlackClock "0:00:05"]

1. e4 c5 2. Nf3 d6 3. d4 cxd4 4. Nxd4 Nf6 5. Nc3 a6 6. Bc4 e6 7. Bb3 Be7 8. f3 O-O 9. Be3 b5 10. Qd2 Qc7 11. g4 Nc6 12. g5 Nd7 13. O-O-O b4 14. Nce2 Nce5 15. f4 Nc4 16. Bxc4 Qxc4 17. Kb1 Bb7 18. Ng3 Rfc8 19. f5 e5 20. Nb3 Bf8 21. f6 g6 22. h4 a5 23. h5 a4 24. Nc1 b3 25. c3 Bxe4+ 26. Nxe4 Qxe4+ 27. Qd3 Qxd3+ 28. Nxd3 bxa2+ 29. Kxa2 a3 30. Nb4 axb2+ 31. Kxb2 Rab8 32. Rd5 Rc4 33. h6 Rbc8 34. Rc1 Nc5 35. Bxc5 R8xc5 36. Rxc5 dxc5 37. Nc6 Ra4 38. Rd1 Ra6 39. Ne7+ Bxe7 40. fxe7 f5 41. e8=Q# 1-0


[Site "https://www.chess.com"]

[Event "Titled Tuesday Blitz March 07 Early 2023"]
[White "Kucuksari, Kaan"]
[Black "Santos Flores, Alberto"]
[WhiteFideId "6380166"]
[BlackFideId "3601234"]
[WhiteElo "2364"]
[BlackElo "2235"]
[Result "1-0"]
[Round "05"]
[TimeControl "180+2"]
[Date "2023.03.07"]
[WhiteClock "0:02:23"]
[BlackClock "0:00:53"]

1. d4 d5 2. Nf3 Nf6 3. Bf4 c5 4. e3 Nc6 5. c3 Qb6 6. Qb3 c4 7. Qxb6 axb6 8. Be2 b5 9. O-O b4 10. cxb4 Nxb4 11. Nc3 Bd7 12. b3 b5 13. Ne5 e6 14. Nxd7 Kxd7 15. Nxb5 cxb3 16. axb3 Be7 17. Rfc1 Rhc8 18. Bf1 Rxc1 19. Rxc1 Rc8 20. Rxc8 Kxc8 21. Nd6+ Bxd6 22. Bxd6 Nc6 23. Bf8 g6 24. b4 Kb7 25. f3 Nd7 26. Bc5 Nb6 27. Kf2 Nc4 28. Bxc4 dxc4 29. Ke2 Ka6 30. Kd2 Kb5 31. Kc3 f5 32. e4 fxe4 33. fxe4 Nd8 34. d5 exd5 35. exd5 Nb7 36. Be7 h5 37. h4 1-0


[Site "https://www.chess.com"]